 Dungeon Crawl Stone Soup version 0.30-a0-757-ga6a79fd877 (webtiles) character file.

Game seed: 619413746888666860

4 NinjaNoafa the Caller (level 1, -2/7 HPs)
             Began as a Felid Summoner on Feb 9, 2023.
             Slain by a ball python (3 damage)
             ... on level 1 of the Dungeon.
             The game lasted 00:00:54 (210 turns).

NinjaNoafa the Caller (Felid Summoner)               Turns: 210, Time: 00:00:54

Health: -2/7       AC:  1    Str:  4    XL:     1   Next: 50%
Magic:  1/4        EV: 17    Int: 16    God:
Gold:   28         SH:  0    Dex: 16    Spells: 3/4 levels left
                                        Lives:  0   Deaths: 0

rFire   . . .      SeeInvis +    (weapon unavailable)
rCold   . . .      Faith    .    (shield unavailable)
rNeg    . . .      Spirit   .    (body armour unavailable)
rPois   .          Reflect  .    (helmet unavailable)
rElec   .          Harm     .    (cloak unavailable)
rCorr   .          Rampage  .    (gloves unavailable)
Will    .....                    (boots unavailable)
Stlth   ++                       (no amulet)
HPRegen 0.21/turn                (no ring)
MPRegen 0.09/turn                (no ring)

@: quick
A: very small, claws 1, fangs 3, see invisible, speed 1, shaggy fur 1, stealthy
paws, no weapons or thrown items, no armour, multi-lived
a: no special abilities


You were on level 1 of the Dungeon.
You visited 1 branch of the dungeon, and saw 1 of its levels.

You collected 28 gold pieces.

Inventory:

Potions
 a - a potion of magic


   Skills:
 - Level 2.6 Dodging
 - Level 2.6 Stealth
 + Level 2.1 Spellcasting
 + Level 4.1 Summonings


You had 3 spell levels left.
You knew the following spells:

 Your Spells              Type           Power      Damage    Failure   Level
a - Summon Small Mammal   Summ           56%        N/A       3%          1

Your spell library contained the following spells:

 Spells                   Type           Power      Damage    Failure   Level
 Call Imp                 Summ           14%        N/A       6%          2
 Call Canine Familiar     Summ           14%        N/A       12%         3
 Summon Guardian Golem    Hex/Summ       8%         N/A       26%         3
 Summon Lightning Spire   Summ/Air       8%         N/A       65%         4


Dungeon Overview and Level Annotations

Branches:
Dungeon (1/15)

Altars:


Innate Abilities, Weirdness & Mutations

You have sharp claws.
You have razor-sharp teeth.
You have supernaturally acute eyesight. (SInv)
You cover ground quickly. (Speed+)
You are covered in fur. (AC +1)
Your paws help you pounce on unaware monsters.
You are incapable of wielding weapons or throwing items.
You cannot wear armour.
You gain extra lives every three experience levels.


Message History

You swap places.
The dart slug launches a dart at you. The slug dart hits your rat.
Your rat dies!
Your rat's corpse disappears in a puff of smoke!
Your bat hits the dart slug.
Your bat hits the dart slug but does no damage.
The dart slug launches a dart at you. The slug dart hits your bat.
Your bat dies!
Your bat's corpse disappears in a puff of smoke!
The dart slug barely misses you.
You swap places.
Your bat hits the dart slug. x2
Your rat bites the dart slug.
The dart slug launches a dart at you. The slug dart misses you.
Your rat bites the dart slug.
The dart slug briefly extends its eye-stalks.
Your rat bites the dart slug but does no damage.
Your rat bites the dart slug.
The dart slug misses you.
You scratch the dart slug.
You kill the dart slug!
You swap places.
You swap places.
Found 11 gold pieces.
You now have 28 gold pieces (gained 11).
A ball python comes into view.
You swap places.
Your bat disappears in a puff of smoke!
You swap places.
The ball python hisses angrily.
You swap places.
Your rat barely misses the ball python.
The ball python bites you. The ball python misses you.
The ball python completely misses you. The ball python closely misses you.
Your rat bites the ball python.
The ball python bites you.
* * * LOW HITPOINT WARNING * * *
The ball python barely misses you.
Your rat barely misses the ball python.
The ball python bites you.
You die...

#.# ###.##......###
#.###............#
#.......##........#
#####.####.........
#.# #####..### #.#
#..# #.# #....
####.#### +##
#@rr....# #S##.##.#
#.##.# # #.....
#...... ##....##
.#.## .###


You could see a ball python (ally target) and 2 friendly rats.

Vanquished Creatures
  A dart slug (D:1)
1 creature vanquished.

Vanquished Creatures (collateral kills)
  A ball python (D:1)
1 creature vanquished.

Grand Total: 2 creatures vanquished

Notes
Turn   | Place    | Note
-------+----------+-------------------------------------------
     0 | D:1      | NinjaNoafa the Felid Summoner began the quest for the Orb.
     0 | D:1      | Reached XP level 1. HP: 7/7 MP: 4/4
    47 | D:1      | Found a faded altar of an unknown god.
   210 | D:1      | Slain by a ball python

Illustrated notes

Levels and vault maps discovered:
D:1:      wander_arrival_estate, layout_loops_corners,
          hellmonk_ecumenical_altar_run_dry, chequers_avenue, minivault_5

Action                     || total
---------------------------++-------
  Melee: Unarmed           ||     1
   Cast: Summon Small Mamm ||    10
  Dodge: Dodged            ||     8

Table legend: (Time is in decaauts)
 A = Elapsed time spent in this place.
 B = Non-inter-level travel time spent in this place.
 C = Inter-level travel time spent in this place.
 D = Time resting spent in this place.
 E = Time spent auto-exploring this place.
 F = Levels seen in this place.
 G = Mean time per level.
                   A        B        C        D        E       F      G
               +--------+--------+--------+--------+--------+-----+--------+
         Total |    174 |    174 |      0 |      0 |      0 |   1 |  174.0 |
       Dungeon |    174 |    174 |      0 |      0 |      0 |   1 |  174.0 |
               +--------+--------+--------+--------+--------+-----+--------+

Top non-repeatable levels by time:
     D:1: 174 daAuts
